 Dungeon Crawl Stone Soup version 0.30-a0-51-g784eafce7f (webtiles) character file.

Game seed: 70243546970991051

87102 LnG the Severer (level 15, -6/204 HPs)
             Began as a Hill Orc Fighter on Sept 5, 2022.
             Was an Elder of Uskayaw.
             Mangled by a naga warrior
             ... wielding a +0 trident
              (44 damage)
             ... on level 2 of the Snake Pit.
             The game lasted 02:27:07 (39325 turns).

LnG the Severer (Hill Orc Fighter)                 Turns: 39325, Time: 02:27:08

Health: -6/204     AC: 27    Str: 27    XL:     15   Next: 89%
Magic:  15/15      EV:  2    Int: 12    God:    Uskayaw [****..]
Gold:   3338       SH:  0    Dex:  9    Spells: 14/14 levels left

rFire   . . .      SeeInvis .    a - +2 war axe (flame)
rCold   . . .      Faith    .    T - +4 kite shield "Kel Onij" {rElec rN+ Int+2 Dex-3}
rNeg    + + .      Spirit   .    (body armour currently unavailable)
rPois   +          Reflect  +    (helmet currently unavailable)
rElec   +          Harm     .    (cloak currently unavailable)
rCorr   .          Rampage  .    (gloves currently unavailable)
Will    +....      NoTele   +    (boots currently unavailable)
Stlth   ++........               b - amulet of reflection
HPRegen 0.44/turn                i - ring of Intira Huoc {rPois rN+ Int+2 Dex+2}
MPRegen 0.14/turn                r - ring of poison resistance

@: confused, tree-form, ambrosia-drunk
A: stationary, stasis, torment immunity, boosted hp
a: Renounce Religion, Stomp, Line Pass


You were on level 2 of the Snake Pit.
You worshipped Uskayaw.
Uskayaw was noncommittal.
You were a tree.
You visited 5 branches of the dungeon, and saw 22 of its levels.
You visited the Abyss 1 time.
You also visited: Volcano.

You collected 3536 gold pieces.
You spent 198 gold pieces at shops.

Inventory:

Hand Weapons
 a - a +2 war axe of flaming (weapon)
Missiles
 Y - 8 boomerangs (quivered)
Armour
 k - a +2 helmet (melded)
 l - a +0 pair of boots (melded)
 y - a +2 chain mail of fire resistance
 L - a +0 cloak (melded)
 T - the +4 kite shield "Kel Onij" (worn) {rElec rN+ Int+2 Dex-3}
   (You acquired it on level 1 of the Lair of Beasts)

   Int:       It affects your intelligence (+2).
   Dex:       It affects your dexterity (-3).
   rElec:     It insulates you from electricity.
   rN:        It protects you from negative energy.
 V - the +3 ring mail of Luxureog (melded) {Fly rElec}
   (You found it on level 2 of the Lair of Beasts)

   rElec:     It insulates you from electricity.
   Fly:       It grants you flight.
Jewellery
 b - an amulet of reflection (around neck)
 i - the ring of Intira Huoc (left branch) {rPois rN+ Int+2 Dex+2}
   (You acquired it on level 1 of the Lair of Beasts)

   [ring of positive energy]

   Int:       It affects your intelligence (+2).
   Dex:       It affects your dexterity (+2).
   rPois:     It protects you from poison.
   rN:        It protects you from negative energy.
 j - an amulet of guardian spirit
 n - a ring of ice
 r - a ring of poison resistance (right branch)
 x - an amulet of magic regeneration
 A - a ring of positive energy
 E - a ring of willpower
 H - a ring of see invisible
 Z - a +6 ring of intelligence
Wands
 f - a wand of paralysis (18)
 t - a wand of flame (54)
 F - a wand of acid (6)
 K - a wand of digging (5)
 M - a wand of mindburst (5)
 S - a wand of roots (9)
Scrolls
 h - 14 scrolls of teleportation
 o - 2 scrolls of blinking
 p - 4 scrolls of magic mapping
 q - 3 scrolls of brand weapon
 s - a scroll of immolation
 I - 6 scrolls of noise
 J - 5 scrolls of poison
 N - a scroll of silence {unknown}
 P - a scroll of vulnerability {unknown}
 R - a scroll of fog {unknown}
 X - 2 scrolls of torment {unknown}
Potions
 c - 5 potions of haste
 d - 3 potions of might
 e - 2 potions of lignification
 g - 3 potions of mutation
 m - 5 potions of resistance
 v - 5 potions of curing
 w - 3 potions of brilliance
 z - a potion of berserk rage
 B - 5 potions of attraction
 G - 3 potions of cancellation {unknown}
 O - 2 potions of magic {unknown}
 W - a potion of invisibility {unknown}
Miscellaneous
 Q - a phantom mirror
 U - a piece from Xom's chessboard (15/15)


   Skills:
 + Level 13.6 Fighting
 + Level 18.2 Axes
 + Level 3.7 Throwing
 + Level 12.0 Armour
 + Level 6.0 Dodging
 + Level 9.7 Stealth
 + Level 15.2 Shields
 + Level 0.6 Evocations


You had 14 spell levels left.
You didn't know any spells.
Your spell library contained the following spells:

 Spells                   Type           Power      Damage    Failure   Level
 Slow                     Hex            0%         N/A       50%         1
 Static Discharge         Conj/Air       0%         3-3/arc   65%         2
 Confusing Touch          Hex            0%         N/A       86%         3
 Dazzling Flash           Conj/Hex       0%         N/A       86%         3
 Frozen Ramparts          Ice            0%         1d1       86%         3
 Inner Flame              Hex/Fire       0%         N/A       86%         3
 Vampiric Draining        Necr           0%         2d6       86%         3
 Cause Fear               Hex            0%         N/A       99%         4
 Dispel Undead            Necr           0%         3d6       99%         4
 Fulminant Prism          Conj/Hex       0%         3d6       99%         4
 Ice Form                 Ice/Tmut       0%         N/A       99%         4
 Iskenderun's Mystic Bla  Conj/Tloc      0%         2d3       99%         4
 Sticky Flame             Conj/Fire      0%         2d3       99%         4
 Summon Ice Beast         Ice/Summ       0%         N/A       99%         4
 Agony                    Necr           0%         N/A       100%        5
 Alistair's Intoxication  Tmut/Pois      0%         N/A       100%        5
 Borgnjor's Vile Clutch   Necr/Erth      0%         N/A       100%        5
 Lee's Rapid Deconstruct  Erth           0%         3d5*      100%        5
 Silence                  Hex/Air        0%         N/A       100%        5
 Eringya's Noxious Bog    Tmut/Pois      0%         N/A       100%        6
 Malign Gateway           Summ/Tloc      0%         N/A       100%        7
 Discord                  Hex            0%         N/A       100%        8
 Summon Horrible Things   Summ           0%         N/A       100%        8


Dungeon Overview and Level Annotations

Branches:
Dungeon (13/15)            Temple (1/1) D:5            Lair (5/5) D:9
 Shoals (0/4) Lair:3        Snake (2/4) Lair:3          Orc (1/2) D:12
Volcano (visited)
  Slime: Lair:4-5    Vaults: D:13-14

Altars:
Ashenzari
Cheibriados
Dithmenos
Elyvilon
Fedhas
Gozag
Hepliaklqana
Kikubaaqudgha
Makhleb
Nemelex Xobeh
Okawaru
Qazlal
Ru
Sif Muna
Trog
Uskayaw
Vehumet
Wu Jian
Xom
Yredelemnul
Zin
The Shining One
Lugonu

Shops:
D:1 *   D:6 !   D:12 [([   D:13 *

Portals:
Abyss: Lair:5
Trove: D:10 (give +7 demon whip)

Annotations:
D:2 1 runed translucent door, Crazy Yiuf
D:5 Edmund
Lair:4 exclusion: 2 oklob plants


Message History

You kill the guardian serpent!
You hit the naga. You burn the naga.
You feel sick.
You are no longer poisoned.
The naga hits you with a +0 war axe!
* * * LOW HITPOINT WARNING * * *
You block the naga's attack.
You slash the naga! You burn the naga.
You kill the naga!
The naga warrior spits poison at you.
The splash of poison hits you but does no damage.
You resist.
Uskayaw will force your foes to helplessly watch your dance.
Uskayaw prepares the audience for your solo!
Aiming: Mindburst
Press: ? - help, Shift-Dir - straight line, f - salamander
Aim: a salamander, wielding a +0 halberd (strong, paralysed, chance to affect: 50%)
The salamander's mind is blasted!!
The naga warrior is no longer paralysed. x2
The naga warrior roars a battlecry!
The naga warrior goes into a battle-frenzy!
Aiming: Mindburst
Press: ? - help, Shift-Dir - straight line, f/p - salamander
Aim: a salamander, wielding a +0 halberd (moderately wounded, strong, paralysed, chance to affect: 50%)
The salamander's mind is blasted!
The salamander is no longer paralysed.
You block the naga warrior's attack.
Aiming: Corrosive Bolt
Press: ? - help, Shift-Dir - straight line, f/p - salamander
Aim: a salamander, wielding a +0 halberd (heavily wounded, strong, 83% to hit)
The bolt of acid hits the naga warrior.
The acid corrodes the naga warrior!
The naga warrior is lightly wounded.
The bolt of acid hits the salamander!
The acid corrodes the salamander!
The salamander is severely wounded.
The naga warrior hits you from afar with a +0 trident!
* * * LOW HITPOINT WARNING * * *
Uskayaw will force your foes to share their pain.
Uskayaw links your audience in an emotional bond!
You are confused.
You feel invigorated.
The naga warrior hits you from afar with a +0 trident!!!
You die...

#..............#####
#..#...))..........#### ## #
###.........).........####.#.#
###.............N.....?....##
##...)..................^..
####.....).N##..!.........
#......NN##............
###.#..).##..#.........
######♣#####.....###S ###
.###### ##


You could see 2 naga warriors and a salamander (strong, corroded, pain bonded).

Vanquished Creatures
  Gastronok (Lair:3)
  Josephine (Lair:5)
  Erolcha (D:10)
  4 hydras
  Erica (D:9)
  A salamander tyrant (Snake:2)
  An ogre mage (D:13)
  An anaconda (Snake:1)
  A boulder beetle (Lair:2)
  A centaur warrior (D:13)
  7 two-headed ogres
  An anaconda (shapeshifter) (D:11)
  23 death yaks
  A hell hog (Volcano)
  2 thrashing horrors (Lair:5)
  2 naga warriors
  2 naga sharpshooters (Snake:1)
  Urug (Lair:5)
  2 large abominations (Lair:5)
  Nergalle (Lair:3)
  A fire crab (Volcano)
  A lindwurm (Lair:4)
  A deep elf pyromancer (D:13)
  6 ugly things
  3 mana vipers (Snake:1)
  A cyclops (shapeshifter) (D:13)
  A manticore (Lair:3)
  A cyclops (D:12)
  3 salamanders
  2 guardian serpents (Snake:2)
  5 naga magi
  4 elephants (D:9)
  A gargoyle (D:13)
  11 cane toads
  9 black mambas
  A torpor snail (Lair:3)
  A kobold demonologist (D:10)
  7 rime drakes
  12 komodo dragons
  An ancient zyme (Lair:5)
  5 polar bears
  4 trolls
  A polar bear (shapeshifter) (Lair:5)
  12 slime creatures (D:12)
  5 dream sheep (Lair:5)
  17 blink frogs
  A shadow (D:12)
  A ynoxinul (Lair:5)
  35 yaks
  A spriggan (Lair:5)
  5 wyverns
  11 fire bats (Volcano)
  9 small abominations (Lair:5)
  9 wraiths
  13 basilisks
  2 steam dragons (Volcano)
  4 chaos spawn (Lair:5)
  4 vampire mosquitoes (D:12)
  An acid dragon (D:10)
  12 nagas
  9 water moccasins
  3 hell hounds
  5 black bears
  10 orc warriors
  An ice beast (D:8)
  A sky beast (D:7)
  3 ogres (D:12)
  25 wolves
  6 centaurs
  Blork the orc (D:4)
  4 kobold brigands
  14 bullfrogs
  2 necrophages (D:6)
  2 scorpions
  2 two-headed ogre simulacra (D:13)
  5 wights (D:8)
  4 killer bees (D:7)
  An electric eel (Lair:5)
  2 howler monkeys
  3 hounds
  16 orc priests
  3 iguanas
  22 orc wizards
  12 hell rats
  6 adders
  A shadow imp (D:8)
  4 white imps
  3 ufetubi
  3 dart slugs
  81 orcs
  4 endoplasms
  5 giant cockroaches
  7 goblins
  11 hobgoblins
  7 jackals (D:1)
  26 kobolds
  2 quokkas
  11 ball pythons
  10 bats
  5 frilled lizards
  6 rats
  A bush (Lair:5)
628 creatures vanquished.

Vanquished Creatures (others)
  A naga warrior (Snake:1)
  51 fungi
  79 plants
131 creatures vanquished.

Grand Total: 759 creatures vanquished

Notes
Turn   | Place    | Note
-------+----------+-------------------------------------------
     0 | D:1      | LnG the Hill Orc Fighter began the quest for the Orb.
     0 | D:1      | Reached XP level 1. HP: 19/19 MP: 1/1
    90 | D:1      | Reached XP level 2. HP: 25/27 MP: 2/2
    93 | D:1      | Reached skill level 3 in Axes
   301 | D:1      | Reached XP level 3. HP: 27/33 MP: 3/3
   535 | D:1      | Found Voiboric's General Store.
   988 | D:2      | Reached XP level 4. HP: 40/40 MP: 4/4
  1437 | D:2      | Found a runed translucent door.
  1438 | D:2      | Noticed Crazy Yiuf
  1808 | D:1      | You fall into a shaft and drop 1 floor!
  1958 | D:3      | Found a basalt altar of Yredelemnul.
  1961 | D:3      | Noticed a profane servitor
  1973 | D:3      | Found a glowing golden altar of the Shining One.
  1975 | D:3      | Noticed an angel
  2006 | D:3      | Noticed a black bear
  2130 | D:3      | Killed a black bear
  2131 | D:3      | Reached skill level 4 in Axes
  2131 | D:3      | Reached skill level 1 in Dodging
  2131 | D:3      | Reached XP level 5. HP: 40/46 MP: 2/5
  2530 | D:3      | Found a blossoming altar of Fedhas.
  2724 | D:3      | Found a faded altar of an unknown god.
  3121 | D:4      | Reached skill level 5 in Axes
  3121 | D:4      | Reached XP level 6. HP: 47/53 MP: 6/6
  3295 | D:4      | Found a burning altar of Makhleb.
  4503 | D:5      | Entered Level 5 of the Dungeon
  4509 | D:5      | Noticed Blork the orc
  4512 | D:5      | Noticed a black bear
  4775 | D:4      | Killed Blork the orc
  4946 | D:5      | Killed a black bear
  4947 | D:5      | Reached skill level 6 in Axes
  4947 | D:5      | Reached XP level 7. HP: 42/60 MP: 4/7
  5133 | D:5      | Found a staircase to the Ecumenical Temple.
  5144 | Temple   | Entered the Ecumenical Temple
  5166 | Temple   | Became a worshipper of Uskayaw the Reveller
  5335 | D:5      | Reached * piety under Uskayaw
  5336 | D:5      | Reached ** piety under Uskayaw
  5530 | D:1      | Bought a potion of heal wounds for 70 gold pieces
  5530 | D:1      | Bought a scroll of fear for 56 gold pieces
  5752 | D:4      | Reached skill level 5 in Armour
  5927 | D:5      | Reached skill level 5 in Shields
  6005 | D:5      | Reached skill level 5 in Fighting
  6005 | D:5      | Reached skill level 7 in Axes
  6132 | D:5      | Reached *** piety under Uskayaw
  6257 | D:5      | Reached XP level 8. HP: 62/68 MP: 5/8
  6549 | D:5      | Noticed Edmund
  7431 | D:6      | Found Yzxoot's Distillery.
  7439 | D:6      | Bought a potion of brilliance for 48 gold pieces
  7439 | D:6      | Bought 2 potions of degeneration for 24 gold pieces
  8447 | D:6      | Reached skill level 8 in Axes
  8869 | D:7      | Reached skill level 1 in Stealth
  8870 | D:7      | Reached **** piety under Uskayaw
  8874 | D:7      | HP: 3/70 [poisoned by a killer bee]
  9424 | D:7      | Reached skill level 9 in Axes
  9424 | D:7      | Reached XP level 9. HP: 64/75 MP: 9/9
  9430 | D:7      | Reached ***** piety under Uskayaw
 10254 | D:8      | Reached skill level 10 in Axes
 10734 | D:8      | Found a sacrificial altar of Ru.
 11450 | D:9      | Found a staircase to the Lair.
 11670 | D:9      | Found an iron altar of Okawaru.
 11671 | D:9      | Found a broken altar of Ashenzari.
 11802 | D:9      | Noticed a two-headed ogre
 11865 | Lair:1   | Entered Level 1 of the Lair of Beasts
 11865 | Lair:1   | Noticed an elephant
 11867 | Lair:1   | Noticed an elephant
 11871 | Lair:1   | Noticed an elephant
 11872 | Lair:1   | Noticed an elephant
 11884 | D:9      | Killed an elephant
 11885 | D:9      | Reached skill level 11 in Axes
 11885 | D:9      | Reached XP level 10. HP: 77/84 MP: 10/10
 11928 | D:9      | Killed an elephant
 11981 | D:9      | Killed an elephant
 11984 | D:9      | Killed an elephant
 12501 | D:9      | Reached skill level 12 in Axes
 12822 | D:9      | Noticed Erica
 12834 | D:9      | Killed Erica
 13174 | D:10     | Entered Level 10 of the Dungeon
 13174 | D:10     | Noticed a kobold demonologist
 13176 | D:10     | Noticed a sun demon
 13183 | D:9      | Reached XP level 11. HP: 94/94 MP: 11/11
 13519 | D:10     | Found a portal to a secret trove of treasure.
 13910 | D:10     | Noticed Erolcha
 13916 | Abyss:2  | Cast into level 2 of the Abyss (Erolcha)
 13947 | D:10     | Escaped the Abyss
 13960 | D:10     | Killed Erolcha
 14201 | D:10     | Reached skill level 13 in Axes
 14491 | D:10     | Noticed a two-headed ogre
 14732 | D:11     | Noticed a two-headed ogre
 14745 | D:11     | Noticed a fire crab
 14976 | D:12     | Found Hiym Wub's Antique Weapon Shop.
 15096 | D:12     | Found a staircase to the Orcish Mines.
 15653 | D:12     | Noticed a cyclops
 15668 | D:12     | Killed a cyclops
 15686 | D:12     | Identified the +5 scale mail of Idealism {*Corrode rElec
                  | Will- Int+9}
 15748 | D:12     | Found Koliheh's Antique Armour Emporium.
 16050 | D:12     | Reached skill level 10 in Shields
 16203 | D:12     | Reached skill level 14 in Axes
 16391 | D:12     | Reached skill level 5 in Stealth
 16396 | D:12     | Reached XP level 12. HP: 72/103 MP: 12/12
 16650 | D:12     | Found Idawn's Armour Shoppe.
 17020 | D:11     | Killed a two-headed ogre
 17183 | D:11     | Noticed an alligator
 17192 | D:11     | Noticed an anaconda
 17192 | D:11     | an alligator changed into an anaconda
 17206 | D:11     | Killed an anaconda
 17584 | D:11     | Noticed a boulder beetle
 17932 | D:10     | Killed a two-headed ogre
 18601 | Orc:1    | Entered Level 1 of the Orcish Mines
 18682 | D:12     | Reached skill level 10 in Armour
 19632 | Orc:1    | Noticed an orc warlord
 19772 | D:13     | Reached skill level 15 in Axes
 19884 | D:13     | Found Wujam's Whimsical Warehouse.
 20100 | D:13     | Noticed a centaur warrior
 20344 | D:13     | Killed a centaur warrior
 20345 | D:13     | Noticed a two-headed ogre
 20345 | D:13     | Noticed an ogre mage
 20351 | D:13     | Noticed a two-headed ogre
 20353 | D:13     | Killed a two-headed ogre
 20438 | D:13     | Killed a two-headed ogre
 20439 | D:13     | Reached skill level 1 in Throwing
 20468 | D:13     | Noticed a two-headed ogre
 20480 | D:13     | Killed a two-headed ogre
 20586 | D:13     | Noticed a two-headed ogre
 20735 | D:12     | Killed a two-headed ogre
 20887 | D:13     | Killed an ogre mage
 21024 | D:13     | Reached skill level 10 in Fighting
 21571 | D:13     | Reached XP level 13. HP: 113/113 MP: 13/13
 21789 | D:13     | Reached skill level 16 in Axes
 25187 | Lair:2   | Identified 4 scrolls of acquirement
 25208 | Lair:1   | Acquired the +4 kite shield "Kel Onij" {rElec rN+ Int+2
                  | Dex-3}
 25225 | Lair:1   | Acquired the ring of Intira Huoc {rPois rN+ Int+2 Dex+2}
 25230 | Lair:1   | Acquired 653 gold pieces
 25232 | Lair:1   | Acquired 1016 gold pieces
 26029 | Lair:2   | Identified the +3 ring mail of Luxureog {Fly rElec}
 26576 | Lair:3   | Noticed Nergalle
 26615 | Lair:3   | Killed Nergalle
 27121 | Lair:3   | Found a staircase to the Shoals.
 27589 | Lair:3   | Reached XP level 14. HP: 124/124 MP: 14/14
 27635 | Lair:3   | Found a staircase to the Snake Pit.
 29220 | Lair:3   | Noticed Gastronok
 29247 | Lair:3   | Killed Gastronok
 29248 | Lair:3   | Reached skill level 17 in Axes
 30112 | Lair:4   | Reached ****** piety under Uskayaw
 30244 | Lair:4   | Found an iron altar of Okawaru.
 30781 | Lair:4   | Reached skill level 5 in Dodging
 32757 | Lair:5   | Entered Level 5 of the Lair of Beasts
 33099 | Lair:5   | Found a dark tunnel.
 33120 | Volcano  | Entered a volcano
 33124 | Volcano  | Reached XP level 15. HP: 134/134 MP: 15/15
 33533 | Lair:5   | Noticed Urug
 33577 | Lair:5   | Killed Urug
 33666 | Lair:5   | Noticed Josephine
 33680 | Lair:5   | Killed Josephine
 34876 | Lair:5   | Found a corrupted altar of Lugonu.
 34876 | Lair:5   | Found a one-way gate to the infinite horrors of the Abyss.
 35946 | Snake:1  | Entered Level 1 of the Snake Pit
 36054 | Snake:1  | Reached skill level 18 in Axes
 36884 | Snake:1  | Found a glowing golden altar of the Shining One.
 38240 | Snake:2  | Reached skill level 15 in Shields
 38761 | Snake:2  | HP: 2/136 [black mamba (12)]
 39325 | Snake:2  | Mangled by a naga warrior

Illustrated notes

Levels and vault maps discovered:
D:1:      dpeg_arrival_morbid_curiosity, layout_rooms, serial_shops,
          nicolae_shop_hallway_stairs
D:2:      layout_loops_cross, st_stairs_2, uniq_crazy_yiuf_cottage
D:3:      layout_rooms, grunt_temple_overflow_holy_war, fedhas_ov_isle_minmay,
          hellmonk_ecumenical_altar_inner_sanctum
D:4:      layout_layer_cave, kennysheep_mini_moat
D:5:      layout_loops_ring, temple_pool_b, guppyfry_early_orc_mine,
          uniq_blork_the_orc, uniq_edmund
D:6:      layout_basic, serial_shops, nicolae_shop_hallway_stairs
D:7:      layout_gridville, minmay_curled_crystal
D:8:      layout_basic, mainiacjoe_overflow_small_starburst
D:9:      layout_irregular_city, minitemple, grunt_lair_entry_orc_guard_hut,
          grunt_decor_one_mirror, kennysheep_generic_room_10, uniq_erica
D:10:     layout_grid_maze, enter_trove_0, uniq_erolcha
D:11:     layout_long_grid
D:12:     layout_basic, erik_orc_3, serial_shops, shop,
          nicolae_shop_statue_plus, shop_coins, kennysheep_generic_room_9
D:13:     dreamdust_isle_of_ice, layout_cave_pools, nicolae_alphabet_shops,
          grunt_ministairs_2, corexii_corridor_pit
Temple:   eino_wide_crystal_templ
Lair:1:   layout_loops_ring
Lair:2:   layout_layer_cave
Lair:3:   layout_roguey [special_room_mythical_zoo],
          minmay_shoals_entry_centaurs, guppyfry_snake_entry_garden,
          uniq_gastronok, uniq_nergalle
Lair:4:   layout_big_grid, minmay_slime_entry_oklob_open, basic_altar,
          serial_bayou_crossing
Lair:5:   hellmonk_lair_end_abyssal_woods, layout_small_grid,
          lightli_volcano_entry_magma_tube, infiniplex_staircase_pool,
          lemuel_fruit_tree, uniq_urug, uniq_josephine
Snake:1:  layout_misc_corridors, basic_altar, nicolae_snake_slithery_corners
Snake:2:  layout_cave_shapes, drop_trap, nicolae_snake_squiggles,
          grunt_megastairs_3
Orc:1:    layout_caves, serial_shops, nicolae_shop_hallway_plus,
          minmay_orc_barracks

Skill      XL: |  1  2  3  4  5  6  7  8  9 10 11 12 13 14 15 |
---------------+----------------------------------------------+-----
Axes           | 3 4 5 6 7 9 11 12 14 15 16 17 18 | 18.2
Fighting       | 4 5 6 7 8 10 11 12 13 | 13.6
Armour         | 4 5 6 7 8 9 10 11 12 | 12.0
Dodging        | 1 2 3 4 5 6 |  6.0
Shields        | 4 5 6 7 8 10 11 12 14 15 | 15.2
Stealth        | 1 2 4 5 6 7 8 9 |  9.7
Throwing       | 1 3 |  3.7
Evocations     | |  0.6

Action                   |  1- 3 |  4- 6 |  7- 9 | 10-12 | 13-15 || total
-------------------------+-------+-------+-------+-------+-------++-------
Melee: War axe           |   104 |   197 |   361 |   565 |  1205 ||  2432
Throw: Boomerang         |       |       |       |    16 |    93 ||   109
Evoke: Wand              |       |       |       |     1 |    14 ||    15
       Phantom mirror    |       |       |       |     1 |       ||     1
  Use: Scroll            |       |     5 |     8 |     8 |    22 ||    43
       Potion            |       |       |     3 |     1 |     8 ||    12
 Stab: Paralysed         |       |       |    15 |    37 |    96 ||   148
       Sleeping          |       |       |       |       |     3 ||     3
       Distracted        |       |       |       |       |     2 ||     2
Armor: Scale mail        |    80 |   107 |    23 |       |       ||   210
       Chain mail        |       |       |   177 |   230 |   107 ||   514
       Ring mail         |       |       |       |       |   150 ||   150
       Skin              |       |       |       |       |     5 ||     5
Dodge: Dodged            |    69 |    95 |   101 |   117 |   225 ||   607
Block: Buckler           |    11 |       |       |       |       ||    11
       Kite shield       |    39 |   131 |   268 |   371 |   966 ||  1775
       Reflection        |       |       |    18 |    14 |    34 ||    66

Table legend: (Time is in decaauts)
 A = Elapsed time spent in this place.
 B = Non-inter-level travel time spent in this place.
 C = Inter-level travel time spent in this place.
 D = Time resting spent in this place.
 E = Time spent auto-exploring this place.
 F = Levels seen in this place.
 G = Mean time per level.
                   A        B        C        D        E       F      G
               +--------+--------+--------+--------+--------+-----+--------+
         Total |  39451 |  38131 |   1320 |  17323 |   6863 |  24 | 1643.8 |
       Dungeon |  22709 |  21664 |   1045 |   9181 |   5011 |  13 | 1746.8 |
        Temple |     73 |     48 |     25 |      0 |     37 |   1 |   73.0 |
          Lair |  12584 |  12406 |    178 |   5884 |   1626 |   5 | 2516.8 |
     Snake Pit |   3250 |   3178 |     72 |   1919 |    156 |   2 | 1625.0 |
  Orcish Mines |    449 |    449 |      0 |     60 |     33 |   1 |  449.0 |
         Abyss |     30 |     30 |      0 |      0 |      0 |   1 |   30.0 |
       Volcano |    352 |    352 |      0 |    279 |      0 |   1 |  352.0 |
               +--------+--------+--------+--------+--------+-----+--------+

Top non-repeatable levels by time:
  Lair:3: 4236 daAuts
    D:12: 3778 daAuts
     D:9: 3033 daAuts
  Lair:5: 2762 daAuts
     D:4: 2692 daAuts
 Snake:1: 2646 daAuts
  Lair:1: 1922 daAuts
  Lair:2: 1905 daAuts
  Lair:4: 1758 daAuts
    D:13: 1741 daAuts
     D:5: 1626 daAuts
    D:10: 1618 daAuts
     D:7: 1540 daAuts
     D:6: 1290 daAuts
    D:11: 1261 daAuts
